 Dungeon Crawl Stone Soup version 0.31.0-12-g77e489cdc1 (webtiles) character file.

Game seed: 11324064360343607649

37 Lilfire the Shooter (level 3, 0/18 HPs)
             Began as a Vampire Hunter on Feb 14, 2024.
             Slain by an orc
             ... wielding a +0 trident
              (5 damage)
             ... on level 4 of the Dungeon.
             The game lasted 00:19:31 (1218 turns).

Lilfire the Shooter (Vampire Hunter)                Turns: 1218, Time: 00:19:32

Health: 0/18       AC:  3    Str: 10 (12) XL:     3   Next: 21%
Magic:  2/2        EV: 12    Int:  9 (11) God:
Gold:   44         SH:  0    Dex: 15 (17) Spells: 2/2 levels left

rFire   . . .        a - +0 shortbow
rCold   + + .        (shield currently unavailable)
rNeg    + + +        c - +0 leather armour
rPois   ∞            (no helmet)
rElec   .            (no cloak)
rCorr   .            (no gloves)
SInv    +            (no boots)
Will    .....        (no amulet)
Stlth   +++          (no ring)
HPRegen 0.00/turn    (no ring)
MPRegen 0.08/turn

%: no passive effects
@: confused, bloodless, inhibited regen
A: bloodless, fangs 3, see invisible, vampiric 2, low MP 1, inability to drink
after injury 1, [frail 1]
a: Bat Form, Revivify


You were on level 4 of the Dungeon.
You visited 1 branch of the dungeon, and saw 3 of its levels.

You collected 44 gold pieces.

Inventory:

Hand Weapons
 a - a +0 shortbow (weapon)
 e - a +0 dagger
 f - a +0 club
 h - a +0 mace
 i - a +0 club
 j - a +0 club
 l - a +0 dagger
 m - a +0 dagger
 n - a +0 club
 o - a +0 dagger
 z - a +0 short sword
Missiles
 g - 8 stones
Armour
 c - a +0 leather armour (worn)
 d - a +0 robe
 k - a +0 robe


   Skills:
 + Level 1.9 Fighting
 + Level 3.9 Ranged Weapons
 + Level 0.3 Armour
 + Level 2.7 Dodging
 + Level 1.5 Stealth


You had 2 spell levels left.
You didn't know any spells.
Your spell library was empty.

Dungeon Overview and Level Annotations

Branches:
Dungeon (2/15)

Altars:

Annotations:
D:2 Robin


Innate Abilities, Weirdness & Mutations

You do not regenerate when monsters are visible.
You are frail without blood (-20% HP).
You can heal yourself when you bite living creatures.
You are immune to poison.
You have razor-sharp teeth.
You have supernaturally acute eyesight. (SInv)
You are afflicted with vampirism and can become a bat while bloodless.
Your magical capacity is low. (-10% MP)
You occasionally lose the ability to drink potions when taking damage.
[You are frail. (-10% HP)]


Message History

The orc wizard flickers and vanishes for a moment.
The orc wizard barely misses your butterfly.
Your butterfly disappears in a burst of colours!
You swap places.
You swap places.
Your butterfly disappears in a burst of colours! x2
You swap places.
The orc wizard misses your butterfly.
Your butterfly disappears in a burst of colours!
The orc wizard barely misses your butterfly.
The orc wizard hits your butterfly with a +0 dagger.
Your butterfly dies!
Your butterfly disappears in a burst of colours!
Your butterfly disappears in a burst of colours!
Found 13 gold pieces.
The orc wizard closely misses your butterfly.
The orc wizard hits your butterfly with a +0 dagger.
Your butterfly dies!
Your butterfly disappears in a burst of colours!
Found a stone staircase leading up.
An orc comes into view. It is wielding a +0 whip.
Your butterfly disappears in a burst of colours!
The orc wizard casts a spell at you. You resist with some effort.
Your butterfly disappears in a burst of colours!
A bombardier beetle comes into view.
Your butterfly disappears in a burst of colours!
The orc wizard gestures at you while chanting.
You resist with some effort.
You see here 10 gold pieces.
The orc shouts! x2
The orc closely misses your butterfly.
The orc wizard gestures at you while chanting.
You are confused.
The orc barely misses you.
You see here 10 gold pieces.
You're too confused to move!
Your butterfly disappears in a burst of colours!
The orc wizard closely misses you.
The orc hits you from afar with a +0 trident.
You die...

.# ... ## ... #.. #. .##
. ....
##.###.......#.###.
....##.......##...#.....
.#.....B............##..
.....o... ..# #....#..#
.....o..# #.###....b..#
.......@####.#.........#
.#.....o......^........#
........##...........).#
...............#b....b.#
....#b......##......b.b#
...##.......##...#.b...#
.........#..##..##......
.........##....o.#...##.
.........##.##......##..


You could see a bombardier beetle, an orc wizard (invisible, ally target) and 2
orcs.

Vanquished Creatures
  A dart slug (D:1)
  A ribbon worm (D:2)
  An orc (D:4)
  3 ball pythons (D:1)
  An endoplasm (D:1)
  2 giant cockroaches (D:1)
  2 goblins (D:1)
  2 hobgoblins (D:1)
  4 quokkas (D:1)
  3 bats (D:1)
  A frilled lizard (D:1)
  6 kobolds (D:1)
  2 rats (D:1)
29 creatures vanquished.

Notes
Turn   | Place    | Note
-------+----------+-------------------------------------------
     0 | D:1      | Lilfire the Vampire Hunter began the quest for the Orb.
     0 | D:1      | Reached XP level 1. HP: 16/16 MP: 1/1
   162 | D:1      | Gained mutation: You occasionally lose the ability to drink
                  | potions when taking damage. [potion of mutation]
   162 | D:1      | Gained mutation: Your magical capacity is low. (-10% MP)
                  | [potion of mutation]
   355 | D:1      | Reached XP level 2. HP: 22/22 MP: 1/1
  1010 | D:2      | Noticed Robin
  1017 | D:1      | Gained mutation: You are afflicted with vampirism and can
                  | become a bat while bloodless. [Vampire growth]
  1017 | D:1      | Reached XP level 3. HP: 27/27 MP: 2/2
  1139 | D:2      | You fall into a shaft and drop 2 floors!
  1218 | D:4      | Slain by an orc

Illustrated notes

Levels and vault maps discovered:
D:1:      lemuel_arrival_rhombus, layout_loops_ring, minmay_bisected
D:2:      layout_basic, basic_altar, minmay_shallow_snake_nest, uniq_robin
D:4:      layout_cave_pools, jmf_multi_god_temple2,
          nicolae_dithmenos_shadow_blocks, nicolae_overflow_squiral,
          minmay_temple_entry_statues_fountains

Action                     || total
---------------------------++-------
  Melee: Short sword       ||     6
         Bite              ||     1
   Fire: Shortbow          ||    98
Ability: Exsanguinate      ||     2
         Bat Form          ||     1
         Revivify          ||     1
    Use: Potion            ||     3
         Scroll            ||     3
   Stab: Sleeping          ||     1
 Armour: Leather armour    ||    65
  Dodge: Dodged            ||   102
